 Dungeon Crawl Stone Soup version 0.23-a0-448-g1c01f63 (webtiles) character file.

746 Larett the Cleaver (level 7, -17/57 HPs)
             Began as a Minotaur Berserker on Nov 19, 2018.
             Was a Believer of Trog.
             Shot with a sling bullet by Joseph (23 damage)
             ... on level 7 of the Dungeon.
             The game lasted 00:11:15 (5293 turns).

Larett the Cleaver (Minotaur Berserker)             Turns: 5293, Time: 00:11:15

Health: -17/57     AC:  5    Str: 22    XL:     7   Next: 48%
Magic:  6/6        EV: 11    Int:  4    God:    Trog [**....]
Gold:   321        SH:  0    Dex: 11    Spells: 6/6 levels left

rFire    . . .     SeeInvis .   b - +0 hunting sling
rCold    . . .     Gourm    .   (no shield)
rNeg     + . .     Faith    .   x - +0 ring mail
rPois    .         Spirit   .   (helmet restricted)
rElec    .         Reflect  .   (no cloak)
rCorr    .         Harm     .   (no gloves)
MR       ++...                  (no boots)
Stlth    +.........             (no amulet)
HPRegen  1.19/turn              S - ring of positive energy
MPRegen  0.10/turn              (no ring)

@: regenerating
A: retaliatory headbutt, horns 2
a: Berserk, Trog's Hand, Renounce Religion


You were on level 7 of the Dungeon.
You worshipped Trog.
Trog was pleased with you.
You were not hungry.

You visited 1 branch of the dungeon, and saw 7 of its levels.

You collected 321 gold pieces.

Inventory:

Hand Weapons
 a - a +1 trident of flaming
 b - a +0 hunting sling (weapon)
 J - a +0 war axe
Missiles
 l - 257 stones
 r - 71 sling bullets (quivered)
 t - 45 poisoned needles
 y - 25 arrows
 D - 46 bolts
Armour
 m - a +0 buckler
 x - a +0 ring mail (worn)
Jewellery
 S - a ring of positive energy (left hand)
Scrolls
 f - 4 scrolls of remove curse
 k - 2 scrolls of magic mapping {unknown}
 u - 2 scrolls of blinking {unknown}
 z - a scroll of fog {unknown}
 A - a scroll of teleportation {unknown}
 B - a scroll of random uselessness {unknown}
 G - 2 scrolls of fear {unknown}
 H - a scroll of noise {unknown}
 R - a scroll of identify
Potions
 e - a potion of mutation {!q!q}
 j - 2 potions of heal wounds
 o - a potion of ambrosia {unknown}
 p - a potion of flight {unknown}
 q - a potion of agility {unknown}
 C - a potion of berserk rage {unknown}
 E - a potion of haste {unknown}
 I - a potion of might {unknown}
 Q - 3 potions of curing
Comestibles
 c - 13 rations


   Skills:
 - Level 3.6 Fighting
 + Level 10.5 Axes
 - Level 2.4 Armour
 - Level 2.1 Dodging


You had 6 spell levels left.
You didn't know any spells.
Your spell library contained the following spells:

 Spells                   Type           Power        Failure   Level  Hunger
 Corona                   Hex            #......      67%         1    ##.....
 Ensorcelled Hibernation  Hex/Ice        #.....       80%         2    ###....
 Confuse                  Hex            #.......     95%         3    ####...
 Dazzling Spray           Conj/Hex       #.....       95%         3    ####...
 Tukima's Dance           Hex            #.......     95%         3    ####...


Dungeon Overview and Level Annotations

Branches:
Dungeon (7/15)             Temple (0/1) D:5

Altars:
Dithmenos
Makhleb
Nemelex Xobeh
Ru
Zin
The Shining One

Annotations:
D:7 Joseph


Innate Abilities, Weirdness & Mutations

You reflexively headbutt those who attack you in melee.
You have a pair of horns on your head.


Message History

Firing (i - inventory. (/) - cycle)
r - 74 sling bullets (quivered)
Press: ? - help, Shift-Dir - straight line, f/p - Joseph
Aim: Joseph, wielding a +0 hunting sling, wearing a +0 leather armour and You shoot a sling bullet.
The sling bullet barely misses Joseph.
Joseph shoots a sling bullet.
The sling bullet hits you!
* * * LOW HITPOINT WARNING * * *
Firing (i - inventory. (/) - cycle)
r - 73 sling bullets (quivered)
Press: ? - help, Shift-Dir - straight line, f/p - Joseph
Aim: Joseph, wielding a +0 hunting sling, wearing a +0 leather armour and You shoot a sling bullet.
The sling bullet hits Joseph!
Joseph is severely wounded.
Joseph shouts, "I love to fight!
I love killing!"
Joseph shoots a sling bullet.
The sling bullet hits you!
* * * LOW HITPOINT WARNING * * *
Firing (i - inventory. (/) - cycle)
r - 72 sling bullets (quivered)
Press: ? - help, Shift-Dir - straight line, f/p - Joseph
Aim: Joseph, wielding a +0 hunting sling, wearing a +0 leather armour and You shoot a sling bullet.
The sling bullet closely misses Joseph.
Joseph shoots a sling bullet.
The sling bullet hits you!!
You die...

..# ..## .## ...#
.(. ...# .... ...#
(.... ...# ##(..
'#.# .@. ...####
###.# .....<#
#####.@.#
###########.....###
.........##.##..#
########.##..#..#
#.###.#..#
#.....#...
#######.### #.. ##.


You could see Joseph.

Vanquished Creatures
  A sky beast (D:5)
  2 ogres
  Blork the orc (D:4)
  A scorpion (D:6)
  A howler monkey (D:6)
  2 crimson imps (D:6)
  A hound (D:5)
  An iguana (D:5)
  Jessica (D:4)
  A bullfrog skeleton (D:5)
  A worker ant (D:4)
  A hound skeleton (D:6)
  A worker ant zombie (D:6)
  An adder (D:6)
  2 shadow imps
  2 oozes
  2 dart slugs (D:1)
  6 leopard geckos
  An orc (D:5)
  A ball python (D:1)
  6 bats
  5 giant cockroaches
  7 goblins
  4 hobgoblins
  4 jackals (D:6)
  6 kobolds
  3 quokkas
  4 frilled lizards (D:1)
  A giant cockroach zombie (D:6)
  A quokka skeleton (D:6)
  4 rats
75 creatures vanquished.

Notes
Turn   | Place    | Note
-------+----------+-------------------------------------------
     0 | D:1      | Larett the Minotaur Berserker began the quest for the Orb.
     0 | D:1      | Reached XP level 1. HP: 19/19 MP: 0/0
   202 | D:1      | Reached skill level 4 in Axes
   244 | D:1      | Reached XP level 2. HP: 17/26 MP: 1/1
   532 | D:1      | Reached ** piety under Trog
   536 | D:1      | Reached skill level 5 in Axes
   674 | D:1      | Lost intelligence.
   715 | D:1      | Reached XP level 3. HP: 31/31 MP: 2/2
   946 | D:2      | HP: 4/31 [hobgoblin (3)]
  1440 | D:2      | Found a glowing silver altar of Zin.
  2001 | D:3      | Found a sacrificial altar of Ru.
  2168 | D:3      | Reached XP level 4. HP: 39/39 MP: 3/3
  2582 | D:4      | Reached skill level 6 in Axes
  2770 | D:4      | Found a sparkling altar of Nemelex Xobeh.
  2770 | D:4      | Noticed Jessica
  2779 | D:4      | Killed Jessica
  2897 | D:4      | Noticed an ogre
  2918 | D:4      | HP: 4/39 [ogre/+0 giant spiked club (12)]
  2923 | D:3      | Killed an ogre
  2923 | D:3      | Reached skill level 7 in Axes
  2923 | D:3      | Reached XP level 5. HP: 5/45 MP: 4/4
  3257 | D:4      | Noticed Blork the orc
  3268 | D:4      | Killed Blork the orc
  3268 | D:4      | Reached skill level 8 in Axes
  3268 | D:4      | Reached XP level 6. HP: 51/51 MP: 5/5
  3490 | D:5      | Entered Level 5 of the Dungeon
  3555 | D:5      | Found a burning altar of Makhleb.
  3802 | D:5      | Reached skill level 9 in Axes
  4035 | D:5      | Found a glowing golden altar of the Shining One.
  4381 | D:5      | Found a staircase to the Ecumenical Temple.
  4636 | D:5      | Noticed a sky beast
  4644 | D:5      | Killed a sky beast
  4644 | D:5      | Reached XP level 7. HP: 57/57 MP: 6/6
  4789 | D:6      | Reached skill level 10 in Axes
  5066 | D:6      | Found a shadowy altar of Dithmenos.
  5284 | D:7      | Noticed Joseph
  5292 | D:7      | HP: 4/57 [Joseph/sling bullet (10)]
  5293 | D:7      | Shot with a sling bullet by Joseph

Vault maps used:
D:1:      nzn_arrival_water_spiral
D:2:      nicolae_overflow_hidden_temple, first_ration
D:3:      lemuel_coloured_pillars_altar
D:4:      dk_noncrumbling_2, chequers_garden, nemelex_lonely_heart_becter,
          uniq_blork_the_orc
D:5:      old_standard_altar, kennysheep_mini_moat, temple_hall
D:6:      grunt_dithmenos_shadows
D:7:      minmay_inner_zag, gammafunk_temple_overflow_elements, serial_shops,
          nicolae_shop_behind_doors, uniq_joseph, uniq_duvessa, uniq_pikel

Skill      XL: |  1  2  3  4  5  6  7 |
---------------+----------------------+-----
Axes           | 4 5 7 8 9 10 | 10.5
Fighting       | |  3.6
Armour         | |  2.4
Dodging        | |  2.1

Action                   |  1- 3 |  4- 6 |  7- 9 || total
-------------------------+-------+-------+-------++-------
Melee: Hand axe          |    78 |    26 |       ||   104
       Headbutt          |    10 |     9 |     4 ||    23
       Trident           |       |    14 |    28 ||    42
 Fire: Hunting sling     |       |    34 |    32 ||    66
Invok: Trog's Hand       |       |     2 |     1 ||     3
  Use: Scroll            |     1 |       |     4 ||     5
  Eat: Chunk             |     4 |     6 |     1 ||    11
       Ration            |       |       |     1 ||     1
Armor: Animal skin       |    14 |       |       ||    14
       Ring mail         |     5 |    13 |     5 ||    23
Dodge: Dodged            |    60 |    18 |    14 ||    92
Block: Buckler           |     7 |     4 |       ||    11

Table legend:
 A = Non-vault XP
 B = Vault XP
 C = Vault XP percentage of total XP
 D = Non-vault monster count
 E = Vault monster count
 F = Vault count percentage of total count
                 A         B        C        D         E       F
            +---------+---------+-------+---------+---------+-------
      Total |     922 |     144 |  13.5 |      72 |       3 |   4.0
            +---------+---------+-------+---------+---------+-------
        D:1 |      42 |       0 |   0.0 |      23 |       0 |   0.0
        D:2 |      34 |       0 |   0.0 |      15 |       0 |   0.0
        D:3 |     143 |       0 |   0.0 |       9 |       0 |   0.0
        D:4 |      44 |     133 |  75.1 |       2 |       2 |  50.0
        D:5 |     376 |       0 |   0.0 |       8 |       0 |   0.0
        D:6 |     283 |      11 |   3.7 |      15 |       1 |   6.2
            +---------+---------+-------+---------+---------+-------
